 Dungeon Crawl Stone Soup version 0.25-a0-201-g0bb11aece9 (webtiles) character file.

Game seed: 7999814727571643448, levelgen mode: deterministic

8517 MisterFreud the Carver (level 11, -4/75 HPs)
             Began as an Octopode Artificer on Dec 2, 2019.
             Was a Follower of Cheibriados.
             Slain by a centaur warrior (10 damage)
             ... on level 10 of the Dungeon.
             The game lasted 00:21:42 (10900 turns).

MisterFreud the Carver (Octopode Artificer)        Turns: 10900, Time: 00:21:42

Health: -4/75      AC:  4    Str: 14    XL:     11   Next: 32%
Magic:  14/14      EV: 14    Int: 20    God:    Cheibriados [*.....]
Gold:   1172       SH:  5    Dex: 16    Spells: 10/10 levels left

rFire    . . .     SeeInvis .   m - +2 falchion (elec)
rCold    . . .     Gourm    .   r - +0 buckler
rNeg     . . .     Faith    .   (helmet restricted)
rPois    .         Spirit   .   (no amulet)
rElec    .         Reflect  .   o - +3 ring of protection
rCorr    .         Harm     .   J - ring of wizardry
MR       .....                  (no ring)
Stlth    +++.......             (no ring)
HPRegen  0.22/turn              (no ring)
MPRegen  0.14/turn              (no ring)
                                (no ring)
                                (no ring)

@: very slow
A: almost no armour, stealthy swim, amphibious, 8 rings, constrict 8, camouflage
1, gelatinous body 1
a: Bend Time, Renounce Religion


You were on level 10 of the Dungeon.
You worshipped Cheibriados.
Cheibriados was aware of your devotion.
You were not hungry.

You visited 2 branches of the dungeon, and saw 11 of its levels.

You collected 1172 gold pieces.

Inventory:

Hand Weapons
 m - a +2 falchion of electrocution (weapon)
 t - a +0 morningstar of venom
 G - a +1 morningstar of crushing
 N - the +5 scimitar of Femoa {protect, Str+3}
   (You found it on level 7 of the Dungeon)

   It grants its wielder temporary protection when it strikes (+7 to AC).
   It affects your strength (+3).
Missiles
 g - 60 poisoned darts
 i - 202 stones (quivered)
 j - 6 curare-tipped darts
 k - 14 javelins
 l - 38 bolts
 p - 10 throwing nets
 q - 244 arrows
 C - 21 boomerangs
 H - 21 sling bullets
Armour
 r - a +0 buckler (worn)
Jewellery
 o - a +3 ring of protection (left tentacle)
 J - a ring of wizardry (right tentacle)
 M - an uncursed ring of protection from cold
Wands
 b - a wand of flame (13)
 c - a wand of enslavement (11)
 d - a wand of random effects (9)
 A - a wand of paralysis (6)
 L - a wand of polymorph (9)
 S - a wand of scattershot (7)
Scrolls
 a - 4 scrolls of amnesia
 h - 3 scrolls of enchant armour
 s - a scroll of teleportation
 y - a scroll of blinking
 E - 4 scrolls of enchant weapon
 F - 3 scrolls of fog
 K - 2 scrolls of remove curse
 Q - a scroll of fear
 R - a scroll of identify
Potions
 e - 2 potions of haste
 n - 5 potions of brilliance
 u - 6 potions of lignification
 v - a potion of might {unknown}
 w - a potion of berserk rage
 x - a potion of resistance {unknown}
 z - 2 potions of flight {unknown}
 B - 2 potions of curing
 D - 2 potions of heal wounds
 I - a potion of magic {unknown}
 O - 2 potions of agility
Comestibles
 f - 20 rations
 P - 40 chunks of flesh


   Skills:
 + Level 7.1 Fighting
   Level 1.0(9.3) Short Blades
 - Level 14.0 Long Blades
 - Level 2.0 Dodging
 - Level 1.3 Stealth
 - Level 4.5 Shields
 - Level 5.0 Evocations


You had 10 spell levels left.
You didn't know any spells.
Your spell library contained the following spells:

 Spells                   Type           Power        Failure   Level  Hunger
 Corona                   Hex            #......      8%          1    ##.....
 Ensorcelled Hibernation  Hex/Ice        #.....       12%         2    ###....
 Confuse                  Hex            #.......     22%         3    ####...
 Dazzling Spray           Conj/Hex       #.....       22%         3    ####...
 Tukima's Dance           Hex            #.......     22%         3    ####...
 Cause Fear               Hex            #.........   56%         4    #####..
 Silence                  Hex/Air        #.........   88%         5    ######.
 Yara's Violent Unravell  Hex/Tmut       #.........   88%         5    ######.
 Deflect Missiles         Chrm/Air       #.........   100%        6    #######
 Discord                  Hex            #.........   100%        8    #######


Dungeon Overview and Level Annotations

Branches:
Dungeon (10/15)            Temple (1/1) D:4             Orc (0/2) D:10
   Lair: D:8-11

Altars:
Ashenzari
Cheibriados
Dithmenos
Elyvilon
Fedhas
Gozag
Hepliaklqana
Kikubaaqudgha
Makhleb
Nemelex Xobeh
Okawaru
Qazlal
Ru
Sif Muna
Trog
Uskayaw
Vehumet
Wu Jian
Xom
Yredelemnul
Zin
The Shining One

Annotations:
D:8 exclusion: upstairs


Innate Abilities, Weirdness & Mutations

You cannot wear most types of armour.
You are very stealthy in the water. (Stealth+)
You are amphibious.
You can wear up to eight rings at the same time.
You can use your tentacles to constrict eight enemies at once.
Your skin changes colour to match your surroundings (Stealth+).
Your rubbery body absorbs attacks. (AC +1, EV +1)


Message History

The scroll dissolves into smoke.
The centaur warrior shoots an arrow.
The arrow barely misses you.
q - 244 arrows (gained 2)
You completely miss the centaur warrior.
The centaur warrior unwields a +0 shortbow.
The centaur warrior hits you.
* * * LOW HITPOINT WARNING * * *
You hit the centaur warrior but do no damage.
You squeeze the centaur warrior, but do no damage.
You slash the centaur warrior! You squeeze the centaur warrior.
The centaur warrior is lightly wounded.
The centaur warrior hits you!
* * * LOW HITPOINT WARNING * * *
Evoke which item? (* to show all) (? for menu, Esc to quit)
Aiming: Paralyse
Press: ? - help, Shift-Dir - straight line, f - centaur warrior
Aim: a centaur warrior (grey smoke, lightly wounded, chance to defeat MR: 43%)
The centaur warrior resists with some effort.
The centaur warrior misses you. The centaur warrior hits you!
You die...

#######+### .#. .#.#÷#.#.
...)......## #.. #.#.#.#.#.
..........+.. .. ##.#.#.#.#
..........# c#####.#########.####
..........# ....................
..........# #.§§.§.+......#####.
..........# #§§§§§.####### #.
..........# #§§c§§.# #.
######'#### #§§@§§.# #. #..#
####§### #. ##.## ###.##### #.
#..# #..§§...# #. ####'#####
#.......# #. ....<....# #.......#
#. .........# #...)...# ####.
.........### #...>...# ####....
.........'.####.......####....###


You could see a centaur warrior.

Vanquished Creatures
  A rust devil (D:8)
  A centaur skeleton (D:10)
  A troll (D:10)
  2 hornets
  2 hippogriffs (D:10)
  10 yaks
  Duvessa (D:4)
  A sky beast (D:9)
  9 orc warriors
  2 ice beasts
  A black bear (D:8)
  7 ogres
  2 phantoms
  3 centaurs
  A big kobold (D:10)
  4 bullfrogs
  A gnoll sergeant (D:9)
  Dowan (D:4)
  A wyvern skeleton (D:8)
  A water moccasin zombie (D:6)
  2 water moccasin skeletons
  A scorpion (D:9)
  5 killer bees (D:7)
  2 howler monkeys (D:4)
  4 crimson imps
  2 bullfrog zombies
  14 hounds
  A jelly (D:5)
  2 quasits
  3 orc priests
  3 bullfrog skeletons
  A gnoll shaman (D:9)
  8 orc wizards
  8 worker ants
  2 iguanas
  A hound zombie (D:10)
  2 hound skeletons
  A worker ant zombie (D:7)
  A howler monkey zombie (D:9)
  32 gnolls
  A howler monkey skeleton (D:4)
  8 adders
  An ooze (D:3)
  An adder zombie (D:10)
  2 adder skeletons
  3 worms
  2 dart slugs
  68 orcs
  5 giant cockroaches
  2 goblins (D:3)
  12 hobgoblins
  16 jackals
  9 quokkas
  2 ball pythons
  9 bats
  8 frilled lizards
  12 kobolds
  7 rats
315 creatures vanquished.

Vanquished Creatures (collateral kills)
  A rust devil (D:8)
1 creature vanquished.

Grand Total: 316 creatures vanquished

Notes
Turn   | Place    | Note
-------+----------+-------------------------------------------
     0 | D:1      | MisterFreud the Octopode Artificer began the quest for the
                  | Orb.
     0 | D:1      | Reached XP level 1. HP: 13/13 MP: 3/3
   162 | D:1      | Reached XP level 2. HP: 12/19 MP: 4/4
  1023 | D:2      | Reached XP level 3. HP: 14/26 MP: 5/5
  1620 | D:2      | Reached XP level 4. HP: 33/33 MP: 6/6
  2003 | D:3      | Reached skill level 1 in Shields
  2404 | D:3      | Reached XP level 5. HP: 26/37 MP: 7/7
  3044 | D:4      | Noticed Duvessa
  3054 | D:4      | Killed Duvessa
  3054 | D:4      | Reached XP level 6. HP: 11/43 MP: 8/8
  3055 | D:4      | Noticed Dowan
  3063 | D:4      | Killed Dowan
  3063 | D:4      | Reached skill level 1 in Long Blades
  3287 | D:4      | Reached skill level 2 in Long Blades
  3315 | D:4      | Found a sacrificial altar of Ru.
  3456 | D:4      | Reached skill level 3 in Long Blades
  3456 | D:4      | Reached XP level 7. HP: 48/48 MP: 9/9
  3608 | D:4      | Reached skill level 4 in Long Blades
  3882 | D:4      | Found a staircase to the Ecumenical Temple.
  3978 | D:5      | Entered Level 5 of the Dungeon
  3988 | D:5      | Reached skill level 5 in Long Blades
  4104 | D:5      | Reached XP level 8. HP: 49/54 MP: 10/10
  4135 | D:5      | Reached skill level 6 in Long Blades
  4201 | D:5      | Found a bloodstained altar of Trog.
  4205 | D:5      | Found a hide-covered altar of Uskayaw.
  4206 | D:5      | Found a glowing golden altar of the Shining One.
  4207 | D:5      | Found a white marble altar of Elyvilon.
  4207 | D:5      | Found a shattered altar of Ashenzari.
  4207 | D:5      | Found a hazy altar of Hepliaklqana.
  4207 | D:5      | Found a sparkling altar of Nemelex Xobeh.
  4209 | D:5      | Found a blossoming altar of Fedhas.
  4210 | D:5      | Found a burning altar of Makhleb.
  4442 | D:6      | Reached skill level 7 in Long Blades
  4827 | D:6      | Found a shimmering blue altar of Sif Muna.
  4911 | D:6      | Reached skill level 8 in Long Blades
  4951 | D:6      | Found a stormy altar of Qazlal.
  5049 | D:6      | Reached skill level 9 in Long Blades
  5049 | D:6      | Reached XP level 9. HP: 50/58 MP: 11/11
  5429 | D:7      | Reached skill level 10 in Long Blades
  6179 | D:8      | Reached skill level 11 in Long Blades
  7385 | D:9      | Reached XP level 10. HP: 63/63 MP: 12/12
  7404 | D:9      | Reached skill level 12 in Long Blades
  7423 | D:7      | Noticed a rust devil
  7423 | D:7      | Noticed a rust devil
  7451 | D:8      | Killed a rust devil
  7630 | D:8      | Killed a rust devil
  7878 | D:7      | Got a smoking scimitar
  7879 | D:7      | Identified the +5 scimitar of Femoa {protect, Str+3} (You
                  | found it on level 7 of the Dungeon)
  8060 | D:9      | Reached skill level 13 in Long Blades
  9081 | D:10     | Entered Level 10 of the Dungeon
  9344 | D:10     | Reached skill level 14 in Long Blades
  9548 | D:9      | Reached XP level 11. HP: 30/70 MP: 12/14
  9560 | D:9      | Reached skill level 5 in Fighting
 10327 | Temple   | Entered the Ecumenical Temple
 10417 | Temple   | Became a worshipper of Cheibriados the Contemplative
 10577 | D:10     | Reached skill level 5 in Evocations
 10596 | D:10     | Found a staircase to the Orcish Mines.
 10708 | D:10     | Reached * piety under Cheibriados
 10883 | D:10     | Noticed a green ugly thing
 10884 | D:10     | Noticed a deep elf mage
 10884 | D:10     | Noticed a cyclops
 10891 | D:10     | Noticed a centaur warrior
 10900 | D:10     | Slain by a centaur warrior

Levels and vault maps discovered:
D:1:      minmay_arrival_up_and_down, layout_basic
D:2:      layout_rooms, first_ration, minmay_three_crescents
D:3:      minmay_recursive_quarters, layout_basic
D:4:      layout_cave_pods, temple_statues, nicolae_ru_sacrificial_ziggurat,
          uniq_duvessa
D:5:      layout_rooms, minitemple, minmay_statues_item, minmay_diced_spiral
D:6:      layout_basic, lemuel_blue_sif_altar, basic_altar,
          minmay_fractal_squares_5
D:7:      cheibrodos_iron_armory, layout_rooms, grunt_ogre_cave
D:8:      layout_loops_corners
D:9:      minmay_goldmine, layout_cave_pools, serial_gnoll_camp,
          gnoll_camp_medium_02, gnoll_camp_mini_doghouse,
          gnoll_camp_mini_doghouse, gnoll_camp_mini_doghouse,
          gnoll_camp_mini_doghouse, corexii_corridor_pit
D:10:     layout_roguey [special_room_orc], lair_entry_dummy, orc_0_dummy,
          minmay_the_grid_2x2 [minmay_the_grid_pillar_ring,
          minmay_the_grid_stretched_grid, minmay_the_grid_embedded,
          minmay_the_grid_prize_trominoes]
Temple:   minmay_temple_bridge_abc

Skill      XL: |  1  2  3  4  5  6  7  8  9 10 11 |
---------------+----------------------------------+-----
Fighting       | 2 3 4 7 |  7.1
Shields        | 1 4 |  4.5
Long Blades    | 3 5 9 11 14 | 14.0
Evocations     | 4 5 |  5.0
Short Blades   | |  1.0
Dodging        | |  2.0
Stealth        | |  1.3

Action                   |  1- 3 |  4- 6 |  7- 9 | 10-12 || total
-------------------------+-------+-------+-------+-------++-------
Melee: Short sword       |    90 |    24 |       |       ||   114
       Constrict         |    23 |    31 |    68 |    62 ||   184
       Tentacles         |    13 |    18 |    55 |    73 ||   159
       Falchion          |       |    48 |   278 |   343 ||   669
       Morningstar       |       |    11 |       |       ||    11
Evoke: Wand              |       |     3 |     5 |     9 ||    17
  Use: Scroll            |       |     8 |    12 |     4 ||    24
       Potion            |       |       |     2 |       ||     2
 Stab: Sleeping          |     5 |     5 |     8 |     2 ||    20
       Paralysed         |       |       |     4 |     7 ||    11
       Distracted        |       |       |     1 |       ||     1
  Eat: Chunk             |     2 |     5 |    14 |     8 ||    29
       Ration            |       |       |       |     1 ||     1
Armor: Skin              |    30 |    22 |    38 |    32 ||   122
Dodge: Dodged            |    82 |    59 |   111 |   129 ||   381
Block: Buckler           |       |       |    49 |    58 ||   107
       Rpst.: Falchion   |       |    13 |    29 |    40 ||    82

Table legend:
 A = Non-vault XP
 B = Vault XP
 C = Vault XP percentage of total XP
 D = Non-vault monster count
 E = Vault monster count
 F = Vault count percentage of total count
                 A         B        C        D         E       F
            +---------+---------+-------+---------+---------+-------
      Total |    8069 |    4099 |  33.7 |     208 |     108 |  34.2
            +---------+---------+-------+---------+---------+-------
        D:1 |      21 |       0 |   0.0 |      15 |       0 |   0.0
        D:2 |      45 |      21 |  31.8 |      21 |       6 |  22.2
        D:3 |      86 |      12 |  12.2 |      22 |       5 |  18.5
        D:4 |     602 |     223 |  27.0 |      23 |       2 |   8.0
        D:5 |     285 |      35 |  10.9 |       5 |       2 |  28.6
        D:6 |    1144 |      73 |   6.0 |      27 |       5 |  15.6
        D:7 |    1066 |     248 |  18.9 |      31 |       2 |   6.1
        D:8 |     897 |     820 |  47.8 |      32 |       3 |   8.6
        D:9 |    2924 |    1172 |  28.6 |      23 |      50 |  68.5
       D:10 |     999 |    1495 |  59.9 |       9 |      33 |  78.6
            +---------+---------+-------+---------+---------+-------
